 Dungeon Crawl Stone Soup version 0.20.1-1-g8b1a95d66d (webtiles) character file.

42 Jynx the Changer (level 3, -3/26 HPs)
             Began as a Merfolk Transmuter on Jan 1, 2018.
             Killed by nerve-wracking pain
             ... invoked by a shadow imp
             ... summoned by Natasha
              (6 damage)
             ... on level 2 of the Dungeon.
             The game lasted 00:02:24 (1845 turns).

Jynx the Changer (Merfolk Transmuter)               Turns: 1845, Time: 00:02:25

Health: -3/26      AC:  5    Str: 10    XL:     3   Next: 56%
Magic:  0/6        EV: 13    Int: 12    God:
Gold:   62         SH:  0    Dex: 15    Spells: 3/6 levels left

rFire    . . .     SeeInvis .     - Unarmed
rCold    . . .     Gourm    .   (no shield)
rNeg     . . .     Faith    .   b - +0 robe
rPois    .         Spirit   .   s - +2 hat
rElec    .         Reflect  .   (no cloak)
rCorr    .         Harm     .   (no gloves)
MR       .....                  t - +0 pair of boots
Stlth    +.........             (no amulet)
Regen    0.1/turn               (no ring)
MPRegen  0.1/turn               (no ring)

@: appendage
A: change form in water, swift swim, stealthy swim, horns 2
a: End Transformation


You were on level 2 of the Dungeon.
You were hungry.
You had grown temporary horns.
You visited 1 branch of the dungeon, and saw 2 of its levels.

You collected 62 gold pieces.

Inventory:

Missiles
 a - 69 arrows
Armour
 b - a +0 robe (worn)
 s - a +2 hat (worn)
 t - a +0 pair of boots (worn)
Jewellery
 m - an uncursed ring of magical power {unknown}
Scrolls
 e - a scroll of remove curse {unknown}
 h - a scroll of magic mapping {unknown}
 i - a scroll of fog {unknown}
 l - 2 scrolls of amnesia {unknown}
 n - a scroll of teleportation {unknown}
 q - a scroll of enchant weapon {unknown}
 u - a scroll of noise {unknown}
Potions
 f - a potion of brilliance {unknown}
 j - 2 potions of haste {unknown}
 k - a potion of degeneration {unknown}
 o - a potion of agility {unknown}
 p - a potion of lignification {unknown}
Books
 c - a book of Changes

   Spells                             Type                      Level
   a - Beastly Appendage              Transmutation                1
   b - Sticks to Snakes               Transmutation                2
   c - Spider Form                    Transmutation/Poison         3
   d - Ice Form                       Ice/Transmutation            4
   e - Blade Hands                    Transmutation                5
Comestibles
 d - a bread ration
 g - 4 royal jellies
 r - a meat ration
 v - 2 chunks of flesh


   Skills:
 - Level 1.1 Fighting
 - Level 2.6 Dodging
 - Level 3.2 Unarmed Combat
 + Level 2.4 Spellcasting
 * Level 4.6 Transmutations


You had 3 spell levels left.
You knew the following spells:

 Your Spells              Type           Power        Failure   Level  Hunger
a - Beastly Appendage     Tmut           ##....       3%          1    ##.....
b - Sticks to Snakes      Tmut           ##......     6%          2    ###....


Dungeon Overview and Level Annotations

Branches:
Dungeon (2/15)

Altars:

Annotations:
D:2 Natasha


Innate Abilities, Weirdness & Mutations

You revert to your normal form in water.
You are very nimble and swift while swimming.
You are very stealthy in the water. (Stealth+)
You have a pair of horns on your head.


Message History

Your adder closely misses the white imp.
Natasha claws you. The shadow imp misses you. The white imp closely misses you.
Your adder bites the white imp but does no damage.
Your ball python closely misses Natasha.
Your ball python barely misses Natasha.
Natasha claws you. The shadow imp misses you.
Unknown command.
Casting: Beastly Appendage
Confirm with . or Enter, or press ? or * to list all spells.
You extend your transformation's duration.
Your adder bites the white imp but does no damage.
The white imp gestures at you. The puff of frost hits you!
* * * LOW HITPOINT WARNING * * *
Your ball python bites Natasha.
Your ball python closely misses Natasha.
Natasha casts a spell.
The shadow imp gestures at you. Pain shoots through your body!
You die...

......#.# #...$...
....... ..... #
#.5>#.#
####..S#.##..
#...5h5...... #@S#.#
#.)#.# ..#. #.†..#
#.#.# #..### ## ##
#....##..##### .#
#.. ......#......#
.# #.#
#(....#..###.# .#
#.#
###.#......###.###.#
.# .# #.#
#..................#
..


You could see Natasha, a crimson imp, a white imp, a shadow imp, a friendly
adder and a friendly ball python.

Vanquished Creatures
  A leopard gecko (D:2)
  A giant cockroach (D:1)
  9 goblins
  2 hobgoblins (D:1)
  A quokka (D:2)
  A ball python (D:1)
  5 bats
  6 frilled lizards
  2 kobolds (D:1)
  4 rats
32 creatures vanquished.

Vanquished Creatures (collateral kills)
  An adder (D:2)
1 creature vanquished.

Grand Total: 33 creatures vanquished

Notes
Turn   | Place    | Note
-------+----------+-------------------------------------------
     0 | D:1      | Jynx the Merfolk Transmuter began the quest for the Orb.
     0 | D:1      | Reached XP level 1. HP: 15/15 MP: 3/3
   103 | D:1      | Reached skill level 3 in Transmutations
   385 | D:1      | Reached XP level 2. HP: 8/21 MP: 3/5
  1105 | D:1      | Reached skill level 4 in Transmutations
  1159 | D:1      | Learned a level 2 spell: Sticks to Snakes
  1257 | D:2      | Reached XP level 3. HP: 15/26 MP: 4/6
  1836 | D:2      | Noticed Natasha
  1845 | D:2      | Killed from afar by a shadow imp

Skill      XL: |  1  2 |
---------------+-------+-----
Transmutations | 3 4 |  4.6
Fighting       | |  1.1
Dodging        | |  2.6
Unarmed Combat | |  3.2
Spellcasting   | |  2.4

Action                   || total
-------------------------++-------
Melee: Unarmed           ||    98
       Headbutt          ||    11
       Punch             ||     1
 Cast: Beastly Appendage ||    25
       Sticks to Snakes  ||     3
 Stab: Sleeping          ||     2
  Eat: Chunk             ||     3
Armor: Robe              ||    21
Dodge: Dodged            ||    68
